 Dungeon Crawl Stone Soup version 0.28-a0-804-g60983d4ba9 (webtiles) character file.

Game seed: 7602848245813589455

4 vurker the Gusty (level 1, 0/7 HPs)
             Began as a Felid Air Elementalist on Nov 7, 2021.
             Slain by a jackal (1 damage)
             ... on level 1 of the Dungeon.
             The game lasted 00:00:26 (110 turns).

vurker the Gusty (Felid Air Elementalist)            Turns: 110, Time: 00:00:27

Health: 0/7        AC:  1    Str:  4    XL:     1   Next: 50%
Magic:  0/4        EV: 17    Int: 16    God:
Gold:   0          SH:  0    Dex: 16    Spells: 3/4 levels left
                                        Lives:  0   Deaths: 0

rFire   . . .      SeeInvis +   (weapon unavailable)
rCold   . . .      Faith    .   (shield unavailable)
rNeg    . . .      Spirit   .   (armour unavailable)
rPois   .          Reflect  .   (helmet unavailable)
rElec   .          Harm     .   (cloak unavailable)
rCorr   .          Rampage  .   (gloves unavailable)
Will    .....                   (boots unavailable)
Stlth   ++........              (no amulet)
HPRegen 0.02/turn               (no ring)
MPRegen 0.09/turn               (no ring)

@: quick
A: very small, claws 1, fangs 3, see invisible, speed 1, shaggy fur 1, stealthy
paws, no weapons or thrown items, no armour, multi-lived
a: no special abilities


You were on level 1 of the Dungeon.
You visited 1 branch of the dungeon, and saw 1 of its levels.

You aren't carrying anything.


   Skills:
 + Level 0.2 Fighting
 - Level 2.6 Dodging
 - Level 2.6 Stealth
 * Level 2.1 Spellcasting
 + Level 1.0 Conjurations
 * Level 2.7 Air Magic


You had 3 spell levels left.
You knew the following spells:

 Your Spells              Type           Power      Damage    Failure   Level
a - Shock                 Conj/Air       28%        1d4       10%         1

Your spell library contained the following spells:

 Spells                   Type           Power      Damage    Failure   Level
 Static Discharge         Conj/Air       7%         N/A       14%         2
 Swiftness                Air            10%        N/A       21%         3
 Airstrike                Air            5%         N/A       54%         4


Dungeon Overview and Level Annotations

Branches:
Dungeon (1/15)

Altars:


Innate Abilities, Weirdness & Mutations

You have sharp claws.
You have razor-sharp teeth.
You have supernaturally acute eyesight. (SInv)
You cover ground quickly. (Speed+)
You are covered in fur. (AC +1)
Your paws help you pounce on unaware monsters.
You are incapable of wielding weapons or throwing items.
You cannot wear armour.
You gain extra lives every three experience levels.


Message History

A jackal comes into view.
Aim: a jackal (heavily wounded, 60% to hit)
The zap hits the jackal. x2
You kill the jackal!
You see here a jackal corpse.
Aim: a jackal (60% to hit)
You miscast Shock.
You are very lightly contaminated with residual magic.
Nothing appears to happen.
Aim: a jackal (60% to hit)
The zap hits the jackal.
Aim: a jackal (heavily wounded, 60% to hit)
The zap hits the jackal.
You kill the jackal!
You can't see any susceptible monsters within range! (Use Z to cast anyway.)
There are monsters nearby!
Aim: a jackal (wandering, hasn't noticed you, 60% to hit)
The zap hits the jackal.
The jackal barks! x2; You hear an angry hiss.
You see here a jackal corpse.
Your magical contamination has completely faded away.
A jackal is nearby!
The zap hits the jackal. x2
You don't have enough magic to cast this spell.
You barely miss the jackal. The jackal bites you.
The jackal closely misses you.
You scratch the jackal.
You kill the jackal!
Your Conjurations skill increases to level 1!
You don't have enough magic to cast this spell.
You barely miss the jackal.
The jackal bites you but does no damage.
The jackal bites you.
* * * LOW HITPOINT WARNING * * *
You barely miss the jackal. Your bite misses the jackal.
The jackal closely misses you.
You barely miss the jackal. Your bite misses the jackal.
The jackal closely misses you. x2
You barely miss the jackal. The jackal misses you.
You closely miss the jackal. The jackal completely misses you.
You closely miss the jackal. The jackal barely misses you.
The jackal completely misses you.
You scratch the jackal but do no damage.
The jackal bites you.
* * * LOW HITPOINT WARNING * * *
The zap hits the jackal.
The zap hits the jackal but does no damage.
The jackal misses you. The jackal barely misses you. The jackal bites you.
You die...

######## #......# # ≈
#.####.# .#h≈ #.# #.#
....≈ #.# #†##.....≈ #.#
#....†...≈ ##.##
####...... ##..h## .....
##...@.#### #########
###.........# #.......#
.........##.###.8.8...##
#####...###.##.........#
##..##..##8........#
##....###..###..#.#
####..#...#h#..#.#
##.#8..#h#(.#.#
######.....#w#..#.#


You could see a jackal.

Vanquished Creatures
  3 jackals (D:1)
3 creatures vanquished.

Notes
Turn   | Place    | Note
-------+----------+-------------------------------------------
     0 | D:1      | vurker the Felid Air Elementalist began the quest for the
                  | Orb.
     0 | D:1      | Reached XP level 1. HP: 7/7 MP: 4/4
     6 | D:1      | Noticed a black bear
     7 | D:1      | Noticed a swamp worm
     7 | D:1      | Noticed a komodo dragon
    95 | D:1      | Reached skill level 1 in Conjurations
   110 | D:1      | Slain by a jackal

Illustrated notes

Levels and vault maps discovered:
D:1:      onia_arrival_zoo_common, layout_loops_ring, minivault_14

Skill      XL: |  1 |
---------------+----+-----
Conjurations   | 1 |  1.0
Fighting       | |  0.2
Dodging        | |  2.6
Stealth        | |  2.6
Spellcasting   | |  2.1
Air Magic      | |  2.7

Action                   || total
-------------------------++-------
Melee: Unarmed           ||     9
 Cast: Shock             ||     7
Armor: Skin              ||     1
Dodge: Dodged            ||    10

Table legend: (Time is in decaauts)
 A = Elapsed time spent in this place.
 B = Non-inter-level travel time spent in this place.
 C = Inter-level travel time spent in this place.
 D = Time resting spent in this place.
 E = Time spent auto-exploring this place.
 F = Levels seen in this place.
 G = Mean time per level.
                   A        B        C        D        E       F      G
               +--------+--------+--------+--------+--------+-----+--------+
         Total |     95 |     95 |      0 |      0 |     60 |   1 |   95.0 |
       Dungeon |     95 |     95 |      0 |      0 |     60 |   1 |   95.0 |
               +--------+--------+--------+--------+--------+-----+--------+

Top non-repeatable levels by time:
     D:1: 95 daAuts
